 Dungeon Crawl Stone Soup version 0.30.1-9-gdf580d7c3d (webtiles) character file.

Game seed: 5752636330735866679

158 Ivernyr the Cudgeller (level 5, -7/28 HPs)
             Began as a Vine Stalker Gladiator on Sept 28, 2023.
             Splashed by a jelly's acid (10 damage)
             ... on level 3 of the Dungeon.
             The game lasted 00:05:39 (2401 turns).

Ivernyr the Cudgeller (Vine Stalker Gladiator)      Turns: 2401, Time: 00:05:40

Health: -7/28      AC: -10   Str: 19    XL:     5   Next: 39%
Magic:  0/6        EV: 13    Int:  8    God:
Gold:   152        SH:  0    Dex: 15    Spells: 4/4 levels left

rFire   . . .        a - +0 flail
rCold   . . .        (no shield)
rNeg    + . .        b - +0 leather armour
rPois   .            c - +0 helmet
rElec   .            s - +0 cloak
rCorr   .            (no gloves)
SInv    .            y - +0 pair of boots
Will    .....        (no amulet)
Stlth   +            l - ring of positive energy
HPRegen 1.04/turn    (no ring)
MPRegen 0.10/turn

%: guardian spirit
@: corroded
A: fangs 2, regeneration 1, magic shield, antimagic bite, no potion heal 2
a: no special abilities


You were on level 3 of the Dungeon.
You visited 1 branch of the dungeon, and saw 4 of its levels.

You collected 152 gold pieces.

Inventory:

Hand Weapons
 a - a +0 flail (weapon)
Missiles
 d - 3 throwing nets (quivered)
 e - a javelin
Armour
 b - a +0 leather armour (worn)
 c - a +0 helmet (worn)
 s - a +0 cloak (worn)
 y - a +0 pair of boots (worn)
Jewellery
 l - a ring of positive energy (left hand)
Scrolls
 h - a scroll of summoning {unknown}
 j - a scroll of blinking {unknown}
 k - 4 scrolls of identify {unknown}
 m - a scroll of teleportation {unknown}
 p - a scroll of enchant armour {unknown}
 r - a scroll of vulnerability {unknown}
 v - a scroll of amnesia {unknown}
 w - a scroll of enchant weapon {unknown}
Potions
 f - 2 potions of mutation {unknown}
 g - a potion of attraction {unknown}
 i - a potion of heal wounds {unknown}
 n - 3 potions of flight {unknown}
 o - a potion of invisibility {unknown}
 q - a potion of haste {unknown}
 t - a potion of magic {unknown}
 u - a potion of ambrosia {unknown}
 x - 4 potions of curing {unknown}


   Skills:
 + Level 3.2 Fighting
 + Level 3.7 Maces & Flails
 - Level 1.7 Throwing
 + Level 3.4 Dodging


You had 4 spell levels left.
You didn't know any spells.
Your spell library contained the following spells:

 Spells                   Type           Power      Damage    Failure   Level
 Kiss of Death            Conj/Necr      0%         2d5       45%         1
 Confusing Touch          Hex            0%         N/A       83%         3
 Anguish                  Hex/Necr       0%         N/A       99%         4
 Cause Fear               Hex            0%         N/A       99%         4
 Dispel Undead            Necr           0%         3d6       99%         4
 Enfeeble                 Hex            0%         N/A       100%        7


Dungeon Overview and Level Annotations

Branches:
Dungeon (4/15)
 Temple: D:4-7

Altars:
The Shining One


Innate Abilities, Weirdness & Mutations

You have extremely sharp teeth.
Your natural rate of healing is unusually fast.
When hurt, damage is shared between your health and your magic reserves.
Your bite disrupts and absorbs the magic of your enemies.
Potions cannot restore your health.


Message History

There is a stone staircase leading down here.
There is a stone staircase leading down here.
You start resting.
HP restored.
You climb downwards.
The jelly barely misses you. The orc hits you with a +0 mace!
The orc misses you. The jelly barely misses you.
There is a stone staircase leading up, spattered with blood here.
The orc hits you with a +0 mace. The jelly closely misses you.
You climb upwards.
There is a stone staircase leading down here.
You sock the orc!
You kill the orc!
The jelly closely misses you.
You hit the jelly.
Your hands burn!
The jelly is lightly wounded.
The jelly hits you.
You are splashed with acid!
You hit the jelly but do no damage.
Your hands burn!
You bite the jelly. You drain its power.
You feel invigorated.
The jelly is lightly wounded.
The jelly hits you.
You are splashed with acid!
* * * LOW HITPOINT WARNING * * *
The jelly closely misses you.
You hit the jelly. The acid corrodes you!
Your hands burn!
* * * LOW HITPOINT WARNING * * *
The jelly is moderately wounded.
The jelly closely misses you.
Things that are here:
a +0 mace; a +0 leather armour; an orc corpse The jelly attacks as you move away!
The jelly barely misses you. The jelly attacks as you move away!
The jelly hits you.
You are splashed with acid.
* * * LOW HITPOINT WARNING * * *
The jelly attacks as you move away! The jelly hits you.
You are splashed with acid!
* * * LOW HITPOINT WARNING * * *
The jelly attacks as you move away! The jelly hits you.
* * * LOW HITPOINT WARNING * * *
You are splashed with acid!
You die...

### #### #.####..#
###########.#......
#...........#.#...#
#.#########.#.#...#
#.#....####.#.#...#
#.#..#.#....#......
######)#.##.#.######..##
#......@....#.#.........
#.####.#J####.#.####.### #.#
#.#.# #.#.#....# #.# #.#.#
#.#.#.###### #.# #.#.#
#.#......... ##.####.#.#
#.#.#.####.# ### #.......#.#
#.#...# #.#
..###############.####.##.#####.#
..........†>).......[...........#


You could see a jelly.

Vanquished Creatures
  2 orc priests (D:3)
  Terence (D:2)
  An adder (D:2)
  A dart slug (D:3)
  6 orcs (D:3)
  3 bats
  An endoplasm (D:2)
  2 giant cockroaches (D:3)
  6 goblins
  3 hobgoblins
  3 jackals
  6 kobolds
  2 quokkas (D:1)
  5 ball pythons (D:1)
  6 frilled lizards
  8 rats
56 creatures vanquished.

Notes
Turn   | Place    | Note
-------+----------+-------------------------------------------
     0 | D:1      | Ivernyr the Vine Stalker Gladiator began the quest for the
                  | Orb.
     0 | D:1      | Reached XP level 1. HP: 11/11 MP: 2/2
    54 | D:1      | Reached XP level 2. HP: 12/15 MP: 3/3
   346 | D:1      | Reached XP level 3. HP: 18/18 MP: 4/4
   712 | D:2      | Noticed Terence
   728 | D:2      | Killed Terence
   906 | D:2      | Gained mutation: Your natural rate of healing is unusually
                  | fast. [Vine Stalker growth]
   906 | D:2      | Reached XP level 4. HP: 23/23 MP: 5/5
  1602 | D:3      | HP: 1/23 [orc priest/divine providence (12)]
  1682 | D:3      | Reached XP level 5. HP: 14/28 MP: 4/6
  2119 | D:3      | Found a glowing golden altar of the Shining One.
  2186 | D:3      | Found a faded altar of an unknown god.
  2401 | D:3      | Splashed by a jelly's acid

Illustrated notes

Levels and vault maps discovered:
D:1:      saegor_arrival_miasma, layout_rooms, serial_glass, glass_columns_b,
          glass_columns_a, minmay_shallow_snake_nest
D:2:      layout_basic, minmay_cut_off, uniq_terence
D:3:      layout_basic, tso_oasis_becter, shapermc_ecumenical_altar_notcrosses,
          kennysheep_cross_room, minmay_misc_feat_iff
D:4:      layout_basic, minmay_bent

Skill      XL: |  1  2  3  4 |
---------------+-------------+-----
Fighting       | 2 3 |  3.2
Maces & Flails | 3 |  3.7
Dodging        | 3 |  3.4
Throwing       | |  1.7

Action                     |  1- 3 |  4- 6 || total
---------------------------+-------+-------++-------
  Melee: Flail             |    73 |    90 ||   163
         Bite              |    13 |    18 ||    31
         Punch             |     1 |       ||     1
   Stab: Sleeping          |       |     1 ||     1
 Armour: Leather armour    |    29 |    27 ||    56
  Dodge: Dodged            |    61 |    74 ||   135
